 Dungeon Crawl Stone Soup version 0.31-a0-232-gb1c03b2570 (webtiles) character file.

Game seed: 17289625073520852652

51 qw the Shooter (level 3, -3/29 HPs)
             Began as a Minotaur Hexslinger on July 6, 2023.
             Slain by Robin
             ... wielding a +0 spear
              (5 damage)
             ... on level 2 of the Dungeon.
             The game lasted 00:00:27 (951 turns).

qw the Shooter (Minotaur Hexslinger)                 Turns: 951, Time: 00:00:28

Health: -3/29      AC:  5    Str: 12    XL:     3   Next: 58%
Magic:  3/3        EV: 11    Int: 10    God:
Gold:   121        SH:  0    Dex: 14    Spells: 3/4 levels left

rFire   . . .        Y - +1 sling
rCold   . . .        (no shield)
rNeg    . . .        j - +0 ring mail
rPois   .            (helmet restricted)
rElec   .            (no cloak)
rCorr   .            (no gloves)
SInv    .            (no boots)
Will    .....        (no amulet)
Stlth   +            (no ring)
HPRegen 0.24/turn    (no ring)
MPRegen 0.08/turn

%: no passive effects
@: no status effects
A: horns 2, retaliatory headbutt
a: no special abilities


You were on level 2 of the Dungeon.
You visited 1 branch of the dungeon, and saw 2 of its levels.

You collected 121 gold pieces.


Innate Abilities, Weirdness & Mutations

You have a pair of horns on your head.
You reflexively headbutt those who attack you in melee.


   Skills:
 - Level 2.0 Fighting
 - Level 4.0 Ranged Weapons
 + Level 0.9 Armour
 - Level 2.1 Dodging
 - Level 1.0 Spellcasting
 - Level 2.0 Hexes


You had 3 spell levels left.
You knew the following spells:

 Your Spells              Type           Power      Damage    Failure   Level
a - Slow                  Hex            16%        N/A       34%         1

Your spell library contained the following spells:

 Spells                   Type           Power      Damage    Failure   Level
 Inner Flame              Hex/Fire       2%         N/A       83%         3
 Portal Projectile        Hex/Tloc       4%         N/A       83%         3
 Cause Fear               Hex            2%         N/A       98%         4

Inventory:

Hand Weapons
 Y - a +1 sling (weapon)
Armour
 j - a +0 ring mail (worn)
Scrolls
 a - a scroll of enchant armour {unknown}
 b - 2 scrolls of identify {unknown}
Potions
 d - a potion of attraction {unknown}
 e - a potion of mutation {unknown}
 g - a potion of lignification {unknown}
 h - 3 potions of might
 k - a potion of heal wounds {unknown}

Dungeon Overview and Level Annotations

Branches:
Dungeon (2/15)

Altars:

Annotations:
D:2 Robin


Message History

You shoot a sling bullet. The hobgoblin shouts!
The sling bullet hits Robin.
Robin is lightly wounded.
Robin hits you from afar with a +0 spear.
You shoot a sling bullet. The sling bullet hits the hobgoblin.
You kill the hobgoblin!
Robin closely misses you.
You shoot a sling bullet. The sling bullet hits Robin.
Robin is heavily wounded.
A goblin comes into view. It is wielding a +0 club.
Robin hits you from afar with a +0 spear. x2
You shoot a sling bullet. The sling bullet barely misses Robin.
The goblin shouts!
The sling bullet hits the hobgoblin.
You kill the hobgoblin!
Robin roars a battlecry!
The goblins go into a battle-frenzy!
You shoot a sling bullet.
The sling bullet closely misses the hobgoblin.
Robin barely misses you. The hobgoblin misses you.
You shoot a sling bullet. The sling bullet hits the hobgoblin.
The hobgoblin is severely wounded.
Robin hits you from afar with a +0 spear.
The hobgoblin misses you. The hobgoblin barely misses you.
Robin hits you from afar with a +0 spear.
The hobgoblin hits you but does no damage.
The hobgoblin barely misses you.
You shoot a sling bullet. The sling bullet hits the hobgoblin.
You kill the hobgoblin!
Robin hits you from afar with a +0 spear.
The hobgoblin hits you. x2
You shoot a sling bullet. The sling bullet hits the hobgoblin.
The hobgoblin is almost dead.
Robin barely misses you. The hobgoblin hits you.
The hobgoblin closely misses you.
You shoot a sling bullet. The sling bullet hits the hobgoblin.
You kill the hobgoblin!
Robin hits you from afar with a +0 spear.
You die...

## ## ##. .). . .# $## #..##%. #
.### ..##.#.....#######.#
####.... ..#.....#.......#.#
#...## #=...%<...........#
.....## #...g##..........#
.%....########.gg%#...........#
................@.............#
......######...#.<.#.......)..#
.....###.......#.#.#..........#
.........#.....#.#.####..#.####
.......###.....#.#.# ##..).#
...............#.#.# #..#..#
.................#.# #.##.##
.......###......##.###?#...######
.................................


You could see Robin, a hobgoblin (strong) and a goblin (strong).

Vanquished Creatures
  2 bats
  4 endoplasms
  3 giant cockroaches
  5 goblins
  8 hobgoblins
  3 jackals (D:1)
  4 kobolds
  2 quokkas (D:1)
  6 ball pythons
  6 frilled lizards
  3 rats
46 creatures vanquished.

Notes
Turn   | Place    | Note
-------+----------+-------------------------------------------
     0 | D:1      | qw the Minotaur Hexslinger began the quest for the Orb.
     0 | D:1      | Reached XP level 1. HP: 16/16 MP: 1/1
     0 | D:1      | 0 ||| qw: Version: 0.3-a-46-gb1f654a
     0 | D:1      | 0 ||| qw: Game counter: 2019
     0 | D:1      | 0 ||| qw: Melee chars always use a shield: true
     0 | D:1      | 0 ||| qw: God list: Okawaru
     0 | D:1      | 0 ||| qw: Allow faded altars: false
     0 | D:1      | 0 ||| qw: Do Orc after clearing Dungeon:15 true
     0 | D:1      | 0 ||| qw: Do second Lair branch before Depths: true
     0 | D:1      | 0 ||| qw: Lair rune preference: random
     0 | D:1      | 0 ||| qw: Goals: Normal
     0 | D:1      | 0 ||| PLANNING D:1-11
   121 | D:1      | Reached skill level 3 in Ranged Weapons
   159 | D:1      | Reached XP level 2. HP: 23/23 MP: 2/2
   694 | D:1      | Reached XP level 3. HP: 29/29 MP: 3/3
   734 | D:1      | 734 ||| UPGRADING to +0 ring mail.
   744 | D:1      | 744 ||| DROPPING +0 robe.
   745 | D:1      | 745 ||| READING scroll labelled EPEVVAXAZO.
   746 | D:1      | 746 ||| READING scroll labelled GOQULL DEXO.
   749 | D:1      | 749 ||| DRINKING 2 puce potions.
   750 | D:1      | 750 ||| DROPPING scroll of poison.
   936 | D:2      | Noticed Robin
   938 | D:2      | Reached skill level 4 in Ranged Weapons
   949 | D:2      | HP: 7/29 [hobgoblin[Robin] (3)]
   950 | D:2      | HP: 2/29 [hobgoblin[Robin] (6)]
   951 | D:2      | Slain by Robin

Levels and vault maps discovered:
D:1:      noname_arrival_rooms_in_the_neighbourhood, layout_basic,
          minmay_misc_feat_alley, nrook_uturn, minmay_heptomino_h4
D:2:      layout_rooms, uniq_robin

Skill      XL: |  1  2  3 |
---------------+----------+-----
Ranged Weapons | 3 4 |  4.0
Fighting       | 2 |  2.0
Armour         | |  0.9
Dodging        | |  2.1
Spellcasting   | |  1.0
Hexes          | |  2.0

Action                     || total
---------------------------++-------
   Fire: Sling             ||   112
    Use: Scroll            ||     2
         Potion            ||     1
 Armour: Robe              ||     5
         Ring mail         ||     3
  Dodge: Dodged            ||    29

Table legend:
 A = Non-vault XP
 B = Vault XP
 C = Vault XP percentage of total XP
 D = Non-vault monster count
 E = Vault monster count
 F = Vault count percentage of total count
                 A         B        C        D         E       F
            +---------+---------+-------+---------+---------+-------
      Total |      53 |      23 |  30.3 |      34 |      12 |  26.1
            +---------+---------+-------+---------+---------+-------
        D:1 |      35 |       7 |  16.7 |      22 |       4 |  15.4
        D:2 |      18 |      16 |  47.1 |      12 |       8 |  40.0
            +---------+---------+-------+---------+---------+-------
